| TOP OF THE 1ST |
|
Baltimore Orioles batting - Pitching for Detroit Tigers : RHP Edwin Ramirez
|
|
Pitching: RHP Edwin Ramirez
|
|
|
Batting: RHB Gerry Davis
|
0-0: Fly out, F9 (Flyball, 89XD, EV 99.4 MPH)
|
|
Batting: SHB Johnny Ray
|
0-0: Foul Ball, location: 2F 0-1: Ball 1-1: Ball 2-1: Foul Ball, location: 2F 2-2: Foul Ball, location: 2F 2-2: Hit by Pitch
|
|
Batting: SHB Steve R Ontiveros
|
0-0: Ball 1-0: Fly out, F8 (Line Drive, 8RD, EV 91.9 MPH)
|
|
Batting: RHB Dwight Evans
|
0-0: Called Strike 0-1: DOUBLE (Line Drive, 7LM, EV 110.6 MPH) Johnny Ray to third Runner from 3rd tries for Home, SAFE, no throw by LF
|
|
Batting: SHB Mike Hart
|
0-0: SINGLE (Groundball, 5S, EV 65.0 MPH) (infield hit) Dwight Evans to third
|
|
Batting: RHB Matt Rice
|
0-0: Ball 1-0: Ground out U3 (Groundball, 34, EV 88.8 MPH)
|
| Top of the 1st over - 1 run, 2 hits, 0 errors, 2 left on base; Baltimore 1 - Detroit 0 |
| BOTTOM OF THE 1ST |
|
Detroit Tigers batting - Pitching for Baltimore Orioles : RHP Dave J Schmidt
|
|
Pitching: RHP Dave J Schmidt
|
|
|
Batting: RHB Tack Wilson
|
0-0: Swinging Strike 0-1: Bunt for hit to 13 - play at first, batter OUT! 1-3
|
|
Batting: SHB Tony Phillips
|
0-0: Ball 1-0: Called Strike 1-1: Foul Ball, location: 2F 1-2: Ball 2-2: Ball 3-2: Foul Ball, location: 2F 3-2: Foul Ball, location: 2F 3-2: Foul Ball, location: 2F 3-2: Base on Balls
|
|
Batting: LHB Jerry Tabb
|
0-0: Ball 1-0: Called Strike 1-1: Ball 2-1: Ball 3-1: Called Strike 3-2: Fly out, F7 (Flyball, 78S, EV 89.4 MPH)
|
|
Batting: RHB Dave Kingman
|
0-0: Called Strike 0-1: Foul Ball, location: 2F 0-2: Ball Tony Phillips steals 2nd base 1-2: DOUBLE (Groundball, 5L, EV 106.3 MPH) Tony Phillips scores
|
|
Batting: RHB Larry Parrish
|
0-0: DOUBLE (Line Drive, 8LXD, EV 107.5 MPH) Dave Kingman scores
|
|
Batting: SHB Lee Mazzilli
|
0-0: Ball 1-0: Foul Ball, location: 2F 1-1: Fly out, F5 (Popup, 56, EV 63.1 MPH)
|
| Bottom of the 1st over - 2 runs, 2 hits, 0 errors, 1 left on base; Baltimore 1 - Detroit 2 |
| TOP OF THE 2ND |
|
Baltimore Orioles batting - Pitching for Detroit Tigers : RHP Edwin Ramirez
|
|
Batting: RHB Mark Brouhard
|
0-0: Called Strike 0-1: Ball 1-1: SINGLE (Groundball, 6MD, EV 100.6 MPH)
|
|
Batting: RHB Bill Foley
|
0-0: Foul Ball, location: 2F 0-1: Ball 1-1: Swinging Strike 1-2: Foul Ball, location: 2F 1-2: Foul Ball, location: 2F 1-2: Foul Ball, location: 2F 1-2: Grounds into double play, 6-4-3 (Groundball, 6, EV 87.5 MPH)
|
|
Batting: RHB Garth Iorg
|
0-0: SINGLE (Groundball, 56S, EV 63.8 MPH) (infield hit)
|
|
Batting: RHB Gerry Davis
|
0-0: Called Strike 0-1: Ball 1-1: Fielders Choice at 2nd, 5-4 (Groundball, 5, EV 81.3 MPH)
|
| Top of the 2nd over - 0 runs, 2 hits, 0 errors, 1 left on base; Baltimore 1 - Detroit 2 |
| BOTTOM OF THE 2ND |
|
Detroit Tigers batting - Pitching for Baltimore Orioles : RHP Dave J Schmidt
|
|
Batting: RHB Keith Moreland
|
0-0: Called Strike 0-1: Swinging Strike 0-2: Strikes out swinging
|
|
Batting: RHB Jose Hidalgo
|
0-0: Ball 1-0: Called Strike 1-1: SINGLE (Groundball, 56D, EV 103.8 MPH)
|
|
Batting: SHB Raul Gonzalez
|
0-0: Ball Jose Hidalgo is caught stealing 2nd base 2-6 1-0: Swinging Strike 1-1: Ground out 4-3 (Groundball, 4, EV 91.3 MPH)
|
| Bottom of the 2nd over - 0 runs, 1 hit, 0 errors, 0 left on base; Baltimore 1 - Detroit 2 |
| TOP OF THE 3RD |
|
Baltimore Orioles batting - Pitching for Detroit Tigers : RHP Edwin Ramirez
|
|
Batting: SHB Johnny Ray
|
0-0: Swinging Strike 0-1: Swinging Strike 0-2: Ball 1-2: Strikes out swinging
|
|
Batting: SHB Steve R Ontiveros
|
0-0: Called Strike 0-1: Called Strike 0-2: Ball 1-2: Ball 2-2: Strikes out swinging
|
|
Batting: RHB Dwight Evans
|
0-0: Foul Ball, location: 2F 0-1: Swinging Strike 0-2: Ball 1-2: Foul Ball, location: 2F 1-2: Foul Ball, location: 2F 1-2: SINGLE (Groundball, 6D, EV 105.6 MPH)
|
|
Batting: SHB Mike Hart
|
0-0: Ball 1-0: SINGLE (Groundball, 34S, EV 80.6 MPH) (infield hit) Dwight Evans to second
|
|
Batting: RHB Matt Rice
|
0-0: Ball 1-0: Called Strike 1-1: Ball 2-1: Fly out, F9 (Flyball, 9S, EV 93.1 MPH)
|
| Top of the 3rd over - 0 runs, 2 hits, 0 errors, 2 left on base; Baltimore 1 - Detroit 2 |
| BOTTOM OF THE 3RD |
|
Detroit Tigers batting - Pitching for Baltimore Orioles : RHP Dave J Schmidt
|
|
Batting: RHB Tack Wilson
|
0-0: Ball 1-0: Ball 2-0: Called Strike 2-1: Ball 3-1: Foul Ball, location: 2F 3-2: Fly out, F7 (Flyball, 78D, EV 88.1 MPH)
|
|
Batting: SHB Tony Phillips
|
0-0: Ball 1-0: Ball 2-0: Swinging Strike 2-1: Called Strike 2-2: Foul Ball, location: 2F 2-2: Ball 3-2: Base on Balls
|
|
Batting: LHB Jerry Tabb
|
0-0: Ball 1-0: Foul Ball, location: 2F 1-1: Ball 2-1: Fielders Choice at 2nd, 3-6 (Groundball, 34, EV 85.0 MPH)
|
|
Batting: RHB Dave Kingman
|
0-0: Called Strike 0-1: Ball 1-1: Called Strike 1-2: Fly out, F7 (Flyball, 78M, EV 82.5 MPH)
|
| Bottom of the 3rd over - 0 runs, 0 hits, 0 errors, 1 left on base; Baltimore 1 - Detroit 2 |
| TOP OF THE 4TH |
|
Baltimore Orioles batting - Pitching for Detroit Tigers : RHP Edwin Ramirez
|
|
Batting: RHB Mark Brouhard
|
0-0: Called Strike 0-1: Ball 1-1: SOLO HOME RUN (Flyball, 78XD, EV 93.8 MPH), Distance : 414 ft
|
|
Batting: RHB Bill Foley
|
0-0: Ground out 5-3 (Groundball, 56S, EV 66.3 MPH)
|
|
Batting: RHB Garth Iorg
|
0-0: Ball 1-0: Called Strike 1-1: Foul Ball, location: 2F 1-2: Ball 2-2: Ball 3-2: Strikes out swinging
|
|
Batting: RHB Gerry Davis
|
0-0: Ball 1-0: Foul Ball, location: 2F 1-1: Swinging Strike 1-2: Ball 2-2: Ball 3-2: Foul Ball, location: 2F 3-2: Fly out, F3 (Flyball, 34D, EV 91.3 MPH)
|
| Top of the 4th over - 1 run, 1 hit, 0 errors, 0 left on base; Baltimore 2 - Detroit 2 |
| BOTTOM OF THE 4TH |
|
Detroit Tigers batting - Pitching for Baltimore Orioles : RHP Dave J Schmidt
|
|
Batting: RHB Larry Parrish
|
0-0: Ball 1-0: Ball 2-0: SINGLE (Groundball, 56D, EV 103.8 MPH)
|
|
Batting: SHB Lee Mazzilli
|
0-0: Ball 1-0: Ball 2-0: Ball 3-0: Called Strike 3-1: Swinging Strike 3-2: SINGLE (Groundball, 4MD, EV 108.1 MPH) Larry Parrish to second Runner from 2nd tries for 3rd, SAFE, no throw by CF
|
|
Batting: RHB Keith Moreland
|
0-0: Ball 1-0: Swinging Strike 1-1: Ball 2-1: Fly out, F4 (Flyball, 3D, EV 93.1 MPH)
|
|
Batting: RHB Jose Hidalgo
|
0-0: Ball Lee Mazzilli steals 2nd base (no throw) 1-0: SINGLE (Groundball, 6MD, EV 102.5 MPH) Larry Parrish scores Lee Mazzilli to third Runner from 3rd tries for Home, SAFE, throw by CF to home Jose Hidalgo to second
|
|
Batting: SHB Raul Gonzalez
|
0-0: Swinging Strike 0-1: SINGLE (Groundball, 25, EV 66.9 MPH) (infield hit) Jose Hidalgo to third
|
|
Batting: RHB Tack Wilson
|
0-0: Called Strike 0-1: Called Strike 0-2: Ball Raul Gonzalez steals 2nd base (no throw) 1-2: Foul Ball, location: 2F 1-2: Ball 2-2: DOUBLE (Flyball, 7LD, EV 103.8 MPH) Jose Hidalgo scores Raul Gonzalez scores
|
|
Pitching: RHP Andrew Castillo
|
|
|
Batting: SHB Tony Phillips
|
0-0: Ball Tack Wilson is caught stealing 3rd base 2-5 1-0: Ball 2-0: Ball 3-0: Called Strike 3-1: Swinging Strike 3-2: Foul Ball, location: 2F 3-2: SINGLE (Line Drive, 5D, EV 103.8 MPH)
|
|
Batting: LHB Jerry Tabb
|
0-0: Called Strike 0-1: Ball 1-1: Foul Ball, location: 2F 1-2: Ball Tony Phillips steals 2nd, throwing error, E2 Tony Phillips to third 2-2: DOUBLE (Line Drive, 8LXD, EV 103.1 MPH) Tony Phillips scores
|
|
Batting: RHB Dave Kingman
|
0-0: Ball 1-0: 2-RUN HOME RUN (Flyball, 78XD, EV 95.0 MPH), Distance : 428 ft
|
|
Batting: RHB Larry Parrish
|
0-0: Ball 1-0: Called Strike 1-1: Fly out, F9 (Flyball, 9, EV 95.0 MPH)
|
| Bottom of the 4th over - 7 runs, 8 hits, 1 error, 0 left on base; Baltimore 2 - Detroit 9 |
| TOP OF THE 5TH |
|
Baltimore Orioles batting - Pitching for Detroit Tigers : RHP Edwin Ramirez
|
|
Batting: SHB Johnny Ray
|
0-0: Called Strike 0-1: Foul Ball, location: 2F 0-2: Ball 1-2: Ball 2-2: Ball 3-2: Ground out U3 (Groundball, 3, EV 82.5 MPH)
|
|
Batting: SHB Steve R Ontiveros
|
0-0: Ball 1-0: Called Strike 1-1: Foul Ball, location: 2F 1-2: Ground out 5-3 (Groundball, 56, EV 90.0 MPH)
|
|
Batting: RHB Dwight Evans
|
0-0: Foul Ball, location: 2F 0-1: Ground out 6-3 (Groundball, 56, EV 78.8 MPH)
|
| Top of the 5th over - 0 runs, 0 hits, 0 errors, 0 left on base; Baltimore 2 - Detroit 9 |
| BOTTOM OF THE 5TH |
|
Detroit Tigers batting - Pitching for Baltimore Orioles : RHP Andrew Castillo
|
|
Batting: SHB Lee Mazzilli
|
0-0: Foul Ball, location: 2F 0-1: Foul Ball, location: 2F 0-2: Strikes out looking
|
|
Batting: RHB Keith Moreland
|
0-0: Swinging Strike 0-1: Ball 1-1: Swinging Strike 1-2: Ball 2-2: Ball 3-2: Fly out, F7 (Flyball, 78S, EV 93.8 MPH)
|
|
Batting: RHB Jose Hidalgo
|
0-0: Called Strike 0-1: Called Strike 0-2: Ground out 6-3 (Groundball, 6, EV 108.1 MPH)
|
| Bottom of the 5th over - 0 runs, 0 hits, 0 errors, 0 left on base; Baltimore 2 - Detroit 9 |
| TOP OF THE 6TH |
|
Baltimore Orioles batting - Pitching for Detroit Tigers : RHP Edwin Ramirez
|
|
Batting: SHB Mike Hart
|
0-0: Fly out, F9 (Flyball, 89D, EV 98.1 MPH)
|
|
Batting: RHB Matt Rice
|
0-0: Ball 1-0: Called Strike 1-1: Called Strike 1-2: Ball 2-2: Ball 3-2: Foul Ball, location: 2F 3-2: Foul Ball, location: 2F 3-2: Base on Balls
|
|
Batting: RHB Mark Brouhard
|
0-0: Swinging Strike 0-1: Foul Ball, location: 2F 0-2: Strikes out swinging
|
|
Batting: RHB Bill Foley
|
0-0: Ball 1-0: Hit by Pitch Matt Rice to second
|
|
Batting: RHB Garth Iorg
|
0-0: Ball 1-0: Fly out, F9 (Flyball, 89D, EV 96.9 MPH)
|
| Top of the 6th over - 0 runs, 0 hits, 0 errors, 2 left on base; Baltimore 2 - Detroit 9 |
| BOTTOM OF THE 6TH |
|
Detroit Tigers batting - Pitching for Baltimore Orioles : RHP Andrew Castillo
|
|
Batting: SHB Raul Gonzalez
|
0-0: Ball 1-0: SINGLE (Groundball, 6M, EV 83.8 MPH) (infield hit)
|
|
Batting: RHB Tack Wilson
|
0-0: Ball 1-0: Called Strike 1-1: Foul Ball, location: 2F 1-2: Ball 2-2: Ball 3-2: Fielders Choice at 2nd, 3-6 (Groundball, 3, EV 83.1 MPH)
|
|
Batting: SHB Tony Phillips
|
0-0: Called Strike 0-1: Fly out, F7 (Flyball, 7, EV 73.1 MPH)
|
|
Batting: LHB Jerry Tabb
|
0-0: Called Strike 0-1: Ball 1-1: Fielders Choice at 2nd, 5-4 (Groundball, 56, EV 82.5 MPH)
|
| Bottom of the 6th over - 0 runs, 1 hit, 0 errors, 1 left on base; Baltimore 2 - Detroit 9 |
| TOP OF THE 7TH |
|
Baltimore Orioles batting - Pitching for Detroit Tigers : RHP Edwin Ramirez
|
|
Pinch Hitting: SHB Jordan Ayala
|
0-0: Swinging Strike 0-1: Called Strike 0-2: Strikes out swinging
|
|
Pinch Hitting: RHB Ron Cey
|
0-0: Called Strike 0-1: Swinging Strike 0-2: Strikes out swinging
|
|
Pinch Hitting: LHB Sid Bream
|
0-0: Ball 1-0: Foul Ball, location: 2F 1-1: Foul Ball, location: 2F 1-2: Ball 2-2: SINGLE (Flyball, 34D, EV 85.0 MPH)
|
|
Batting: RHB Dwight Evans
|
0-0: Called Strike 0-1: Fly out, F9 (Flyball, 89D, EV 79.4 MPH)
|
| Top of the 7th over - 0 runs, 1 hit, 0 errors, 1 left on base; Baltimore 2 - Detroit 9 |
| BOTTOM OF THE 7TH |
|
Detroit Tigers batting - Pitching for Baltimore Orioles : RHP Andrew Castillo
|
|
Now at 3B: Ron Cey
|
|
|
Now in LF: Jordan Ayala
|
|
|
Now in RF: Sid Bream
|
|
|
Batting: RHB Dave Kingman
|
0-0: Called Strike 0-1: Ball 1-1: Swinging Strike 1-2: Ball 2-2: Strikes out swinging
|
|
Pinch Hitting: LHB Dan Graham
|
0-0: Ball 1-0: Called Strike 1-1: Ball 2-1: Fly out, F7 (Flyball, 78D, EV 83.8 MPH)
|
|
Pinch Hitting: RHB Joey McEndree
|
0-0: Ball 1-0: Foul Ball, location: 2F 1-1: Ball 2-1: Foul Ball, location: 2F 2-2: Foul Ball, location: 2F 2-2: Ground out 2-3 (Groundball, 2R, EV 68.8 MPH)
|
| Bottom of the 7th over - 0 runs, 0 hits, 0 errors, 0 left on base; Baltimore 2 - Detroit 9 |
| TOP OF THE 8TH |
|
Baltimore Orioles batting - Pitching for Detroit Tigers : RHP Edwin Ramirez
|
|
Now at C: Dan Graham
|
|
|
Now in RF: Joey McEndree
|
|
|
Batting: SHB Mike Hart
|
0-0: Ball 1-0: Ball 2-0: Swinging Strike 2-1: Ball 3-1: Foul Ball, location: 2F 3-2: Strikes out swinging
|
|
Batting: RHB Matt Rice
|
0-0: Called Strike 0-1: Ball 1-1: Ball 2-1: Foul Ball, location: 2F 2-2: Foul Ball, location: 2F 2-2: Foul Ball, location: 2F 2-2: Foul Ball, location: 2F 2-2: Ground out 5-3 (Groundball, 56, EV 84.4 MPH)
|
|
Batting: RHB Mark Brouhard
|
0-0: Ball 1-0: Ball 2-0: Called Strike 2-1: Ground out 5-3 (Groundball, 56S, EV 76.9 MPH)
|
| Top of the 8th over - 0 runs, 0 hits, 0 errors, 0 left on base; Baltimore 2 - Detroit 9 |
| BOTTOM OF THE 8TH |
|
Detroit Tigers batting - Pitching for Baltimore Orioles : RHP Andrew Castillo
|
|
Pinch Hitting: RHB Mike Sproles
|
0-0: Called Strike 0-1: Swinging Strike 0-2: Strikes out swinging
|
|
Batting: RHB Jose Hidalgo
|
0-0: Fly out, F7 (Line Drive, 7D, EV 98.1 MPH)
|
|
Batting: SHB Raul Gonzalez
|
0-0: Called Strike 0-1: Ball 1-1: Swinging Strike 1-2: Foul Ball, location: 2F 1-2: Fly out, F9 (Flyball, 9, EV 81.9 MPH)
|
| Bottom of the 8th over - 0 runs, 0 hits, 0 errors, 0 left on base; Baltimore 2 - Detroit 9 |
| TOP OF THE 9TH |
|
Baltimore Orioles batting - Pitching for Detroit Tigers : RHP Edwin Ramirez
|
|
Now at 3B: Mike Sproles
|
|
|
Batting: RHB Bill Foley
|
0-0: Ball 1-0: Called Strike 1-1: Called Strike 1-2: Strikes out looking
|
|
Batting: RHB Garth Iorg
|
0-0: Ball 1-0: Called Strike 1-1: Ball 2-1: Foul Ball, location: 2F 2-2: Fly out, F9 (Flyball, 89D, EV 86.9 MPH)
|
|
Batting: SHB Jordan Ayala
|
0-0: Ball 1-0: Foul Ball, location: 2F 1-1: Foul Ball, location: 2F 1-2: Fly out, F8 (Line Drive, 8LD, EV 103.8 MPH)
|
| Top of the 9th over - 0 runs, 0 hits, 0 errors, 0 left on base; Baltimore 2 - Detroit 9 |
|